 Dungeon Crawl Stone Soup version 0.23-a0-639-ga9a3373 (console) character file.

34 Duffy the Conjurer (level 3, -12/24 HPs)
             Began as a Demonspawn Fire Elementalist on Dec 29, 2018.
             Killed by nerve-wracking pain
             ... invoked by a shadow imp
             ... summoned by Natasha
              (14 damage)
             ... on level 2 of the Dungeon.
             The game lasted 00:00:39 (331 turns).

Duffy the Conjurer (Demonspawn Fire Elementalist)    Turns: 331, Time: 00:00:39

Health: -12/24     AC:  4    Str:  8    XL:     3   Next: 14%
Magic:  2/6        EV: 12    Int: 17    God:
Gold:   12         SH:  0    Dex: 13    Spells: 5/6 levels left

rFire    . . .     SeeInvis +   (no weapon)
rCold    . . .     Gourm    .   (no shield)
rNeg     . . .     Faith    .   a - +0 robe
rPois    .         Spirit   .   (helmet restricted)
rElec    .         Reflect  .   (no cloak)
rCorr    .         Harm     .   (no gloves)
MR       .....                  (no boots)
Stlth    ++........             (no amulet)
HPRegen  0.08/turn              h - ring of see invisible
MPRegen  0.10/turn              i - ring of flight

@: no status effects
A: antennae 1, slimy green scales 1
a: Evoke Flight


You were on level 2 of the Dungeon.
You were not hungry.

You visited 1 branch of the dungeon, and saw 2 of its levels.

You collected 12 gold pieces.

Inventory:

Armour
 a - a +0 robe (worn)
Jewellery
 h - a ring of see invisible (left hand)
 i - a ring of flight (right hand)
Scrolls
 d - a scroll of identify {unknown}
 e - a scroll of fear {unknown}
 f - a scroll of amnesia {unknown}
 g - a scroll of enchant armour {unknown}
Comestibles
 b - 2 chunks of flesh
 c - 3 rations


   Skills:
 - Level 1.7 Dodging
 - Level 1.7 Stealth
 + Level 2.0 Spellcasting
 + Level 3.1 Conjurations
 + Level 2.6 Fire Magic


You had 5 spell levels left.
You knew the following spells:

 Your Spells              Type           Power        Failure   Level  Hunger
h - Flame Tongue          Conj/Fire      ##...        6%          1    #......

Your spell library contained the following spells:

 Spells                   Type           Power        Failure   Level  Hunger
 Throw Flame              Conj/Fire      ##....       9%          2    ###....
 Conjure Flame            Conj/Fire      ##......     17%         3    ###....
 Inner Flame              Hex/Fire       #.......     32%         3    ###....
 Sticky Flame             Conj/Fire      ##......     50%         4    #####..
 Fireball                 Conj/Fire      ##........   85%         5    ######.


Dungeon Overview and Level Annotations

Branches:
Dungeon (2/15)

Altars:

Annotations:
D:2 Natasha


Innate Abilities, Weirdness & Mutations

You have a pair of small antennae on your head.
You are partially covered in slimy green scales. (AC +2)


Message History

The magic dart hits you!
* * * LOW HITPOINT WARNING * * *
The shadow imp hits you.
* * * LOW HITPOINT WARNING * * *
You hit Natasha.
Natasha is moderately wounded.
Natasha barely misses you. The shadow imp closely misses you.
You closely miss Natasha.
Natasha is moderately wounded.
Natasha barely misses you. The shadow imp closely misses you.
You barely miss Natasha.
Natasha is moderately wounded.
Natasha barely misses you. The shadow imp barely misses you.
You barely miss Natasha.
Natasha is moderately wounded.
Natasha closely misses you. The shadow imp gestures at you.
Pain shoots through your body!
Ouch! That really hurt!
You die...

#7.7 .777...7 .....?..
#...... ###.....##
.........# #....h5##
###.....@.## #..........#
#.###.#.$..# #.###....#.#
#.#...####.# #.#.#.# .#
##### #.#.#.#.####.# #...#
#............##########....
#####.#..#####.............


You could see Natasha and a shadow imp.

Vanquished Creatures
  Jessica (D:2)
  A dart slug (D:2)
  A giant cockroach (D:2)
  A bat (D:2)
  2 kobolds (D:2)
  2 rats (D:2)
8 creatures vanquished.

Notes
Turn   | Place    | Note
-------+----------+-------------------------------------------
     0 | D:1      | Duffy the Demonspawn Fire Elementalist began the quest for
                  | the Orb.
     0 | D:1      | Reached XP level 1. HP: 13/13 MP: 3/3
   292 | D:2      | Reached skill level 2 in Conjurations
   298 | D:2      | Gained mutation: You are partially covered in slimy green
                  | scales. (AC +2) [demonic ancestry]
   298 | D:2      | Reached XP level 2. HP: 19/19 MP: 0/5
   315 | D:2      | Noticed Jessica
   316 | D:2      | Noticed Natasha
   317 | D:2      | Killed Jessica
   317 | D:2      | Reached skill level 3 in Conjurations
   317 | D:2      | Gained mutation: You have a pair of small antennae on your
                  | head. [demonic ancestry]
   317 | D:2      | Reached XP level 3. HP: 18/24 MP: 1/6
   331 | D:2      | Killed from afar by a shadow imp

Vault maps used:
D:1:      scummos_arrival_simple_crosswalls, serial_forest,
          infiniplex_forest_straight_2, infiniplex_forest_end_3,
          infiniplex_forest_clump_curved, infiniplex_forest_lined_4_way,
          infiniplex_forest_lined_3, minmay_hexomino_c4
D:2:      grunt_ministairs_7, minmay_stone_trees_medium, uniq_jessica,
          uniq_natasha

Skill      XL: |  1  2 |
---------------+-------+-----
Conjurations   | 2 3 |  3.1
Dodging        | |  1.7
Stealth        | |  1.7
Spellcasting   | |  2.0
Fire Magic     | |  2.6

Action                   || total
-------------------------++-------
Melee: Unarmed           ||    11
 Cast: Flame Tongue      ||    14
Armor: Robe              ||     4
Dodge: Dodged            ||    15

Table legend:
 A = Non-vault XP
 B = Vault XP
 C = Vault XP percentage of total XP
 D = Non-vault monster count
 E = Vault monster count
 F = Vault count percentage of total count
                 A         B        C        D         E       F
            +---------+---------+-------+---------+---------+-------
      Total |      10 |      39 |  79.6 |       5 |       3 |  37.5
            +---------+---------+-------+---------+---------+-------
        D:2 |      10 |      39 |  79.6 |       5 |       3 |  37.5
            +---------+---------+-------+---------+---------+-------
